CAROLINA vs TORONTO

Created - January-27-21 at 14:03

Goals
1 2 3 T
CAROLINA 0 2 0 2
TORONTO 1 0 0 1
Shots
1 2 3 T
CAROLINA 6 12 1 19
TORONTO 7 12 14 33

1st period

1. TORONTO , Jordie Benn 1 (Joe Pavelski 7, Jeff Skinner 6) at 11:40

Penalties :
Matt Niskanen (TOR) for Elbowing (Minor) at 0:39, Ondrej Palat (TOR) for Hooking (Minor) at 5:11, Deryk Engelland (CAR) for Hooking (Minor) at 16:58

2nd period

2. CAROLINA , Alexander Radulov 5 (Nicklas Backstrom 11, Brent Burns 13) at 1:21
3. CAROLINA , Claude Giroux 3 (Vladimir Tarasenko 6, Matt Benning 4) at 9:41

Penalties :
Claude Giroux (CAR) for Interference (Minor) at 4:17

3rd period

No Goal

Penalties :
Matt Benning (CAR) for Slashing (Minor) at 0:43, Duncan Keith (CAR) for Hooking (Minor) at 11:11

Goalie Stats

Sergei Bobrovsky (CAR), 32 saves from 33 shots - (0.970), W, 9-4-1, 60:00 minutes
Anton Khudobin (TOR), 17 saves from 19 shots - (0.895), L, 4-6-0, 58:50 minutes

Players Stats for CAROLINA

Player Name              G  A  P  +/- PIM S  H  SB GA TA FO     MP     PP MP  PK MP  
------------------------------------------------------------------------------------
Adam Henrique            0  0  0  -1  0   1  0  0  0  0  1/1    14:09   0:00   0:00 
Alexander Radulov        1  0  1   1  0   5  0  2  0  0  0/0    16:59   1:29   0:00 
Brent Burns              0  1  1   1  0   0  2  4  0  0  0/0    26:00   2:29   3:26 
CAR Cap Hit              0  0  0   1  0   0  0  0  0  0  0/0    12:47   0:00   1:13 
Claude Giroux            1  0  1   1  2   3  0  0  0  0  1/5    23:33   2:29   2:38 
Cooper Marody            0  0  0   0  0   0  0  0  0  0  0/0     0:00   0:00   0:00 
David Kampf              0  0  0  -1  0   0  0  0  0  0  7/14   15:03   0:00   0:54 
Deryk Engelland          0  0  0  -1  2   0  4  8  0  0  0/0    20:27   1:29   3:49 
Dominik Kubalik          0  0  0   1  0   2  1  0  0  0  1/1    17:15   1:29   0:16 
Duncan Keith             0  0  0   1  2   0  2  3  0  0  0/0    25:49   2:29   2:29 
Joel L'Esperance         0  0  0   0  0   1  0  0  0  0  0/1     6:09   0:00   0:00 
Matt Benning             0  1  1   1  2   0  1  0  0  0  0/0    13:14   0:00   1:00 
Matt Martin              0  0  0  -1  0   0  0  0  0  0  1/2    16:25   0:00   2:16 
Nicklas Backstrom        0  1  1   1  0   1  0  0  0  0  13/26  19:07   1:29   2:08 
Patrice Bergeron         0  0  0   1  0   3  1  1  0  0  13/20  20:52   2:29   5:32 
Sam Lafferty             0  0  0   0  0   0  0  0  0  0  3/4     5:36   0:00   0:00 
Sebastian Aho            0  0  0  -1  0   0  1  2  0  0  0/0    21:07   1:29   3:55 
Vladimir Tarasenko       0  1  1   1  0   3  0  1  0  0  3/4    17:28   2:29   2:08 

Players Stats for TORONTO

Player Name              G  A  P  +/- PIM S  H  SB GA TA FO     MP     PP MP  PK MP  
------------------------------------------------------------------------------------
Brady Tkachuk            0  0  0   0  0   2  3  1  0  0  0/0    18:33   4:15   0:44 
Brayden Point            0  0  0   0  0   3  0  0  0  0  3/6    22:49   3:41   1:48 
Curtis Lazar             0  0  0   0  0   1  0  0  0  0  2/7     9:25   0:58   1:26 
Ethan Bear               0  0  0  -2  0   0  2  4  0  0  0/0    19:14   0:10   1:19 
Ian Cole                 0  0  0   1  0   0  1  1  0  0  0/0    14:36   0:00   2:07 
Jeff Skinner             0  1  1   0  0   4  0  0  0  0  1/2    18:45   4:15   0:00 
Joe Pavelski             0  1  1   0  0   2  1  0  0  0  12/22  17:42   3:41   0:27 
Jordan Martinook         0  0  0   0  0   0  0  0  0  0  0/0     8:27   0:00   1:26 
Jordie Benn              1  0  1   1  0   2  1  0  0  0  0/0    14:16   0:00   1:47 
Josh Morrissey           0  0  0   0  0   4  3  2  0  0  0/0    23:42   3:55   1:38 
Justin Williams          0  0  0  -1  0   0  1  0  0  0  0/0    10:11   0:00   0:00 
Kevin Shattenkirk        0  0  0  -2  0   2  2  1  0  0  0/0    22:08   4:01   0:00 
Mark Scheifele           0  0  0   0  0   6  0  0  0  0  10/22  21:11   3:51   0:00 
Matt Niskanen            0  0  0   0  2   3  6  1  0  0  0/0    22:12   3:55   1:05 
Nick Suzuki              0  0  0  -1  0   2  0  0  0  0  4/15   13:28   3:17   0:00 
Ondrej Palat             0  0  0   0  2   2  1  0  0  0  1/2    20:55   3:41   0:51 
Oskar Lindblom           0  0  0  -1  0   0  0  1  0  0  2/2    10:11   0:00   0:00 
Ryan Reaves              0  0  0   0  0   0  2  0  0  0  0/0     8:15   0:00   1:14 

3 Stars

1 - Sergei Bobrovsky (CAR)
2 - Alexander Radulov (CAR)
3 - Brent Burns (CAR)

Power Play

CAROLINA - 0 on 2 Attempt(s) - 0.00%
TORONTO - 0 on 4 Attempt(s) - 0.00%

Penalty Kill

CAROLINA - 4 on 4 Attempt(s) - 100.00% - Score 0 goal in Penalty Kill
TORONTO - 2 on 2 Attempt(s) - 100.00% - Score 0 goal in Penalty Kill

Team Stat

CAROLINA - Hits : 12 - Faceoff Wins : 43 - Blocked Shots : 21 - Penalty Minutes : 8
TORONTO - Hits : 23 - Faceoff Wins : 35 - Blocked Shots : 11 - Penalty Minutes : 4

Official

Referees : Conor O'Donnell and Ryan Hersey
Linesman : Devin Berg and Ken Bonham

Game Notes

No Game Note

Finance

Level 1 -- Attendance: 6000 (100.00%) -- Ticket Income $408,000
Level 2 -- Attendance: 4501 (90.02%) -- Ticket Income $247,555
Level 3 -- Attendance: 1881 (94.05%) -- Ticket Income $58,311
Level 4 -- Attendance: 2773 (69.33%) -- Ticket Income $61,006
Luxury Box -- Attendance: 1000 (100.00%) -- Ticket Income $135,000
Game was played at the Air Canada Center.
Total Attendance: 16155 (89.75%)
Total Ticket Income: $909,872
Total Income: $909,872

CAROLINA

5 vs 5 Forward 
   Center                   Left Wing                Right Wing               Time % Phy DF OF 
 1 Patrice Bergeron         Claude Giroux            Vladimir Tarasenko       35     1   2  2  
 2 Nicklas Backstrom        Dominik Kubalik          Alexander Radulov        30     1   2  2  
 3 David Kampf              Matt Martin              Adam Henrique            25     1   2  2  
 4 Sam Lafferty             Claude Giroux            Joel L'Esperance         10     1   2  2  

5 vs 5 Defense 
   Defense                  Defense                                           Time % Phy DF OF 
 1 Brent Burns              Duncan Keith                                      35     1   2  2  
 2 Deryk Engelland          Sebastian Aho                                     30     1   2  2  
 3 Matt Benning             CAR Cap Hit                                       25     1   2  2  
 4 Brent Burns              Duncan Keith                                      10     1   2  2  

PowerPlay Forward 
   Center                   Left Wing                Right Wing               Time % Phy DF OF 
 1 Patrice Bergeron         Claude Giroux            Vladimir Tarasenko       60     1   2  2  
 2 Nicklas Backstrom        Dominik Kubalik          Alexander Radulov        40     1   2  2  

PowerPlay Defense
   Defense                  Defense                                           Time % Phy DF OF 
 1 Brent Burns              Duncan Keith                                      60     1   2  2  
 2 Deryk Engelland          Sebastian Aho                                     40     1   2  2  

Penalty Kill 4 Players Forward 
   Center                   Wing                     Time % Phy DF OF 
 1 Claude Giroux            Patrice Bergeron         60     1   2  2  
 2 Nicklas Backstrom        Vladimir Tarasenko       40     1   2  2  

Penalty Kill 4 Players Defense
   Defense                  Defense                  Time % Phy DF OF 
 1 Brent Burns              Duncan Keith             60     1   2  2  
 2 Deryk Engelland          Sebastian Aho            40     1   2  2  

Penalty Kill - 3 Players Forward 
   Forward                                           Time % Phy DF OF 
 1 Claude Giroux                                     60     1   2  2  
 2 Patrice Bergeron                                  40     1   2  2  

Penalty Kill - 3 Players Defense
   Defense                  Defense                  Time % Phy DF OF 
 1 Brent Burns              Duncan Keith             60     1   2  2  
 2 Deryk Engelland          Sebastian Aho            40     1   2  2  

4 vs 4 Forward 
   Center                   Wing                     Time % Phy DF OF 
 1 Claude Giroux            Patrice Bergeron         60     1   2  2  
 2 Nicklas Backstrom        Vladimir Tarasenko       40     1   2  2  

4 vs 4 Defense
   Defense                  Defense                  Time % Phy DF OF 
 1 Brent Burns              Duncan Keith             60     1   2  2  
 2 Deryk Engelland          Sebastian Aho            40     1   2  2  

Last Minutes Offensive
   Center                   Left Wing                Right Wing               Defense                  Defense                  
   Patrice Bergeron         Claude Giroux            Vladimir Tarasenko       Brent Burns              Duncan Keith             

Last Minutes Defensive
   Center                   Left Wing                Right Wing               Defense                  Defense                  
   Patrice Bergeron         Claude Giroux            Vladimir Tarasenko       Brent Burns              Duncan Keith             

Goaltenders
Starting : Sergei Bobrovsky         
Backup : Scott Wedgewood          

Extra Forwards
Normal : Cooper Marody, Adam Henrique, Matt Martin - PP : Cooper Marody, Adam Henrique - PK : Matt Martin
Extra Defensemen
Normal : Matt Benning, CAR Cap Hit, Deryk Engelland - PP : Matt Benning - PK : CAR Cap Hit, Deryk Engelland
Penalty Shots
Claude Giroux, Patrice Bergeron, Nicklas Backstrom, Vladimir Tarasenko, Alexander Radulov

Scratches
Shea Weber (Healthy), Ryan Hartman (Healthy)

TORONTO

5 vs 5 Forward 
   Center                   Left Wing                Right Wing               Time % Phy DF OF 
 1 Mark Scheifele           Ondrej Palat             Brayden Point            35     1   1  3  
 2 Joe Pavelski             Brady Tkachuk            Jeff Skinner             30     2   1  2  
 3 Nick Suzuki              Oskar Lindblom           Justin Williams          20     1   2  2  
 4 Curtis Lazar             Jordan Martinook         Ryan Reaves              15     2   2  1  

5 vs 5 Defense 
   Defense                  Defense                                           Time % Phy DF OF 
 1 Josh Morrissey           Matt Niskanen                                     35     1   2  2  
 2 Ethan Bear               Kevin Shattenkirk                                 35     1   2  2  
 3 Ian Cole                 Jordie Benn                                       25     1   3  1  
 4 Josh Morrissey           Matt Niskanen                                     5      1   2  2  

PowerPlay Forward 
   Center                   Left Wing                Right Wing               Time % Phy DF OF 
 1 Joe Pavelski             Ondrej Palat             Brayden Point            60     1   2  2  
 2 Nick Suzuki              Brady Tkachuk            Jeff Skinner             40     1   2  2  

PowerPlay Defense
   Defense                  Defense                                           Time % Phy DF OF 
 1 Mark Scheifele           Kevin Shattenkirk                                 60     1   2  2  
 2 Matt Niskanen            Josh Morrissey                                    40     1   2  2  

Penalty Kill 4 Players Forward 
   Center                   Wing                     Time % Phy DF OF 
 1 Brayden Point            Ondrej Palat             60     0   3  2  
 2 Curtis Lazar             Jordan Martinook         40     0   3  2  

Penalty Kill 4 Players Defense
   Defense                  Defense                  Time % Phy DF OF 
 1 Ian Cole                 Matt Niskanen            60     1   3  1  
 2 Josh Morrissey           Jordie Benn              40     1   3  1  

Penalty Kill - 3 Players Forward 
   Forward                                           Time % Phy DF OF 
 1 Ondrej Palat                                      60     1   3  1  
 2 Jordan Martinook                                  40     1   3  1  

Penalty Kill - 3 Players Defense
   Defense                  Defense                  Time % Phy DF OF 
 1 Ian Cole                 Matt Niskanen            60     1   3  1  
 2 Josh Morrissey           Jordie Benn              40     1   3  1  

4 vs 4 Forward 
   Center                   Wing                     Time % Phy DF OF 
 1 Brayden Point            Ondrej Palat             60     1   2  2  
 2 Mark Scheifele           Brady Tkachuk            40     1   2  2  

4 vs 4 Defense
   Defense                  Defense                  Time % Phy DF OF 
 1 Josh Morrissey           Matt Niskanen            60     1   2  2  
 2 Ian Cole                 Ethan Bear               40     1   2  2  

Last Minutes Offensive
   Center                   Left Wing                Right Wing               Defense                  Defense                  
   Mark Scheifele           Jeff Skinner             Brayden Point            Josh Morrissey           Kevin Shattenkirk        

Last Minutes Defensive
   Center                   Left Wing                Right Wing               Defense                  Defense                  
   Brayden Point            Ondrej Palat             Joe Pavelski             Josh Morrissey           Matt Niskanen            

Goaltenders
Starting : Anton Khudobin           
Backup : Jonathan Quick           

Extra Forwards
Normal : Joe Pavelski, Jordan Martinook, Oskar Lindblom - PP : Justin Williams, Oskar Lindblom - PK : Ryan Reaves
Extra Defensemen
Normal : Ethan Bear, Jordie Benn, Matt Niskanen - PP : Ethan Bear - PK : Jordie Benn, Ian Cole
Penalty Shots
Brayden Point, Mark Scheifele, Jeff Skinner, Ondrej Palat, Brady Tkachuk

Scratches
TOR Cap Hit (Suspend)

% Time on Ice - CAROLINA

Lines # - Real PCT - Wanted PCT - Time Play
Normal Forward
1 - 25% - 35% - 12:01
2 - 33% - 30% - 15:30
3 - 30% - 25% - 14:09
4 - 12% - 10% - 5:36
Normal Defense
1 - 36% - 35% - 17:03
2 - 33% - 30% - 15:43
3 - 24% - 25% - 11:31
4 - 6% - 10% - 2:59
PP Forward
1 - 63% - 60% - 2:29
2 - 37% - 40% - 1:29
PP Defense
1 - 63% - 60% - 2:29
2 - 37% - 40% - 1:29
PK Forward
1 - 73% - 60% - 5:48
2 - 27% - 40% - 2:08
PK Defense
1 - 52% - 60% - 4:07
2 - 48% - 40% - 3:49
PK3 Forward
1 - 0% - 60%
2 - 0% - 40%
PK3 Defense
1 - 0% - 60%
2 - 0% - 40%
44 Forward
1 - 0% - 60%
2 - 0% - 40%
44 Defense
1 - 0% - 60%
2 - 0% - 40%
Last Minute Offensive  - 0:00
Last Minute Defensive  - 0:50
Total
Forward - 60:00
Defense - 60:00

% Time on Ice - TORONTO

Lines # - Real PCT - Wanted PCT - Time Play
Normal Forward
1 - 35% - 35% - 16:24
2 - 29% - 30% - 13:34
3 - 22% - 20% - 10:11
4 - 15% - 15% - 7:01
Normal Defense
1 - 37% - 35% - 17:13
2 - 37% - 35% - 17:28
3 - 26% - 25% - 12:29
4 - 0% - 5% - 0:00
PP Forward
1 - 46% - 60% - 3:41
2 - 54% - 40% - 4:15
PP Defense
1 - 51% - 60% - 4:01
2 - 49% - 40% - 3:55
PK Forward
1 - 64% - 60% - 2:32
2 - 36% - 40% - 1:26
PK Defense
1 - 59% - 60% - 2:20
2 - 41% - 40% - 1:38
PK3 Forward
1 - 0% - 60%
2 - 0% - 40%
PK3 Defense
1 - 0% - 60%
2 - 0% - 40%
44 Forward
1 - 0% - 60%
2 - 0% - 40%
44 Defense
1 - 0% - 60%
2 - 0% - 40%
Last Minute Offensive  - 0:56
Last Minute Defensive  - 0:00
Total
Forward - 60:00
Defense - 60:00

Play-by-Play

1st period


0:01 of 1st period - Patrice Bergeron wins face-off versus Mark Scheifele in neutral zone.
0:03 of 1st period - Vladimir Tarasenko is hit by Matt Niskanen and loses puck.
0:13 of 1st period - Vladimir Tarasenko is hit by Josh Morrissey and loses puck.
0:39 of 1st period - Minor Penalty to Matt Niskanen for Elbowing.
0:40 of 1st period - Nicklas Backstrom wins face-off versus Brayden Point in TORONTO zone.
0:47 of 1st period - Shot by Nicklas Backstrom.
0:47 of 1st period - Shot Misses the Net.
1:33 of 1st period - Icing by Duncan Keith.
1:34 of 1st period - Brayden Point wins face-off versus Patrice Bergeron in CAROLINA zone.
2:07 of 1st period - Icing by Brent Burns.
2:08 of 1st period - Claude Giroux wins face-off versus Brayden Point in CAROLINA zone.
2:38 of 1st period - Off-side.
2:39 of 1st period - Nicklas Backstrom wins face-off versus Nick Suzuki in neutral zone.
3:08 of 1st period - Shot by Nicklas Backstrom.
3:08 of 1st period - Shot Blocked by Oskar Lindblom.
3:10 of 1st period - Shot by Deryk Engelland.
3:10 of 1st period - Shot Blocked by Kevin Shattenkirk.
3:14 of 1st period - Shot by Dominik Kubalik.
3:14 of 1st period - Deflect By Alexander Radulov.
3:14 of 1st period - Shot Misses the Net.
3:38 of 1st period - Matt Martin is hit by Brady Tkachuk and loses puck.
3:48 of 1st period - Adam Henrique is hit by Matt Niskanen and loses puck.
3:52 of 1st period - Icing by Brady Tkachuk.
3:53 of 1st period - Sam Lafferty wins face-off versus Joe Pavelski in TORONTO zone.
3:53 of 1st period - Sam Lafferty is hit by Josh Morrissey.
3:56 of 1st period - Claude Giroux is hit by Matt Niskanen.
5:11 of 1st period - Minor Penalty to Ondrej Palat for Hooking.
5:12 of 1st period - Vladimir Tarasenko wins face-off versus Curtis Lazar in TORONTO zone.
5:37 of 1st period - Shot by Duncan Keith.
5:37 of 1st period - Shot Blocked by Josh Morrissey.
5:39 of 1st period - Shot by Duncan Keith.
5:39 of 1st period - Shot Misses the Net.
5:41 of 1st period - Shot by Patrice Bergeron.
5:41 of 1st period - Stopped by Anton Khudobin without a rebound.
5:42 of 1st period - Nicklas Backstrom wins face-off versus Brayden Point in TORONTO zone.
6:47 of 1st period - Shot by Duncan Keith.
6:47 of 1st period - Shot Blocked by Josh Morrissey.
7:43 of 1st period - Shot by Adam Henrique.
7:43 of 1st period - Shot Misses the Net.
7:50 of 1st period - Icing by Oskar Lindblom.
7:51 of 1st period - Oskar Lindblom wins face-off versus Nicklas Backstrom in TORONTO zone.
8:10 of 1st period - Nicklas Backstrom is hit by Ethan Bear and loses puck.
8:39 of 1st period - Shot by Adam Henrique.
8:39 of 1st period - Stopped by Anton Khudobin without a rebound.
8:40 of 1st period - Patrice Bergeron wins face-off versus Joe Pavelski in TORONTO zone.
8:51 of 1st period - Shot by Joe Pavelski.
8:51 of 1st period - Shot Blocked by Brent Burns.
8:53 of 1st period - Shot by Ian Cole.
8:53 of 1st period - Shot Blocked by Duncan Keith.
8:55 of 1st period - Shot by Jordie Benn.
8:55 of 1st period - Stopped by Sergei Bobrovsky without a rebound.
8:56 of 1st period - David Kampf wins face-off versus Mark Scheifele in CAROLINA zone.
9:07 of 1st period - Shot by Mark Scheifele.
9:07 of 1st period - Stopped by Sergei Bobrovsky without a rebound.
9:08 of 1st period - Joe Pavelski wins face-off versus Nicklas Backstrom in CAROLINA zone.
9:21 of 1st period - Duncan Keith is hit by Brady Tkachuk and loses puck.
9:36 of 1st period - Shot by Jeff Skinner.
9:36 of 1st period - Stopped by Sergei Bobrovsky without a rebound.
9:37 of 1st period - Vladimir Tarasenko wins face-off versus Mark Scheifele in CAROLINA zone.
9:55 of 1st period - Icing by Josh Morrissey.
9:56 of 1st period - Mark Scheifele wins face-off versus David Kampf in TORONTO zone.
10:48 of 1st period - Shot by Claude Giroux.
10:48 of 1st period - Deflect By Vladimir Tarasenko.
10:48 of 1st period - Shot Blocked by Ethan Bear.
10:50 of 1st period - Shot by Claude Giroux.
10:50 of 1st period - Stopped by Anton Khudobin without a rebound.
10:51 of 1st period - Jeff Skinner wins face-off versus Nicklas Backstrom in TORONTO zone.
11:06 of 1st period - Shot by Brady Tkachuk.
11:06 of 1st period - Shot Blocked by Deryk Engelland.
11:08 of 1st period - Shot by Brady Tkachuk.
11:08 of 1st period - Stopped by Sergei Bobrovsky without a rebound.
11:09 of 1st period - Curtis Lazar wins face-off versus Patrice Bergeron in CAROLINA zone.
11:28 of 1st period - Shot by Vladimir Tarasenko.
11:28 of 1st period - Shot Misses the Net.
11:30 of 1st period - Shot by Claude Giroux.
11:30 of 1st period - Deflect By Vladimir Tarasenko.
11:30 of 1st period - Stopped by Anton Khudobin without a rebound.
11:31 of 1st period - Joe Pavelski wins face-off versus David Kampf in TORONTO zone.
11:38 of 1st period - Shot by Joe Pavelski.
11:38 of 1st period - Shot Blocked by Deryk Engelland.
11:40 of 1st period - Shot by Jordie Benn.
11:40 of 1st period - Goal by Jordie Benn - CAROLINA : 0 - TORONTO : 1.
11:41 of 1st period - Brayden Point wins face-off versus Vladimir Tarasenko in neutral zone.
11:41 of 1st period - Matt Niskanen is hit by Patrice Bergeron and loses puck.
11:50 of 1st period - Shot by Patrice Bergeron.
11:50 of 1st period - Stopped by Anton Khudobin without a rebound.
11:51 of 1st period - David Kampf wins face-off versus Joe Pavelski in TORONTO zone.
12:57 of 1st period - Shot by Brayden Point.
12:57 of 1st period - Shot Misses the Net.
12:59 of 1st period - Shot by Matt Niskanen.
12:59 of 1st period - Stopped by Sergei Bobrovsky with a rebound.
13:05 of 1st period - Shot by Brayden Point.
13:05 of 1st period - Shot Misses the Net.
14:02 of 1st period - Shot by Patrice Bergeron.
14:02 of 1st period - Stopped by Anton Khudobin without a rebound.
14:03 of 1st period - Patrice Bergeron wins face-off versus Nick Suzuki in TORONTO zone.
14:16 of 1st period - Shot by Claude Giroux.
14:16 of 1st period - Shot Misses the Net.
14:18 of 1st period - Shot by Vladimir Tarasenko.
14:18 of 1st period - Shot Blocked by Ethan Bear.
14:58 of 1st period - Icing by Ethan Bear.
14:59 of 1st period - Oskar Lindblom wins face-off versus Nicklas Backstrom in TORONTO zone.
15:20 of 1st period - Dominik Kubalik is hit by Kevin Shattenkirk and loses puck.
15:25 of 1st period - Shot by Dominik Kubalik.
15:25 of 1st period - Shot Blocked by Ethan Bear.
15:27 of 1st period - Shot by Alexander Radulov.
15:27 of 1st period - Shot Misses the Net.
15:40 of 1st period - Nick Suzuki is hit by Sebastian Aho.
16:04 of 1st period - Shot by Jeff Skinner.
16:04 of 1st period - Stopped by Sergei Bobrovsky with a rebound.
16:15 of 1st period - Jeff Skinner is hit by Deryk Engelland and loses puck.
16:51 of 1st period - Shot by Ondrej Palat.
16:51 of 1st period - Shot Misses the Net.
16:58 of 1st period - Minor Penalty to Deryk Engelland for Hooking.
16:59 of 1st period - Joe Pavelski wins face-off versus Nicklas Backstrom in CAROLINA zone.
16:59 of 1st period - Matt Niskanen is hit by Brent Burns and loses puck.
17:28 of 1st period - Shot by Matt Niskanen.
17:28 of 1st period - Shot Misses the Net.
18:17 of 1st period - Patrice Bergeron is hit by Kevin Shattenkirk and loses puck.
19:16 of 1st period - Shot by Nicklas Backstrom.
19:16 of 1st period - Shot Blocked by Ian Cole.
19:33 of 1st period - Icing by Ian Cole.
19:34 of 1st period - David Kampf wins face-off versus Nick Suzuki in TORONTO zone.
Goals for this period are 0 for CAROLINA vs 1 for TORONTO.
Shots for this period are 6 for CAROLINA vs 7 for TORONTO.

2nd period


0:01 of 2nd period - Patrice Bergeron wins face-off versus Mark Scheifele in neutral zone.
0:18 of 2nd period - Shot by Patrice Bergeron.
0:18 of 2nd period - Shot Hit the Post.
0:51 of 2nd period - Off-side.
0:52 of 2nd period - Nicklas Backstrom wins face-off versus Joe Pavelski in neutral zone.
1:09 of 2nd period - Shot by Alexander Radulov.
1:09 of 2nd period - Shot Misses the Net.
1:17 of 2nd period - Shot by Alexander Radulov.
1:17 of 2nd period - Stopped by Anton Khudobin with a rebound.
1:19 of 2nd period - Shot by Nicklas Backstrom.
1:19 of 2nd period - Shot Misses the Net.
1:21 of 2nd period - Shot by Alexander Radulov.
1:21 of 2nd period - Goal by Alexander Radulov - CAROLINA : 1 - TORONTO : 1.
1:22 of 2nd period - David Kampf wins face-off versus Curtis Lazar in neutral zone.
1:24 of 2nd period - Sebastian Aho is hit by Ian Cole.
1:45 of 2nd period - Shot by Curtis Lazar.
1:45 of 2nd period - Stopped by Sergei Bobrovsky without a rebound.
1:46 of 2nd period - Patrice Bergeron wins face-off versus Mark Scheifele in CAROLINA zone.
1:56 of 2nd period - Brent Burns is hit by Matt Niskanen and loses puck.
2:05 of 2nd period - Shot by Vladimir Tarasenko.
2:05 of 2nd period - Stopped by Anton Khudobin without a rebound.
2:06 of 2nd period - Joe Pavelski wins face-off versus Nicklas Backstrom in TORONTO zone.
2:39 of 2nd period - Shot by Nicklas Backstrom.
2:39 of 2nd period - Stopped by Anton Khudobin without a rebound.
2:40 of 2nd period - Patrice Bergeron wins face-off versus Mark Scheifele in TORONTO zone.
2:46 of 2nd period - Icing by Ondrej Palat.
2:47 of 2nd period - Patrice Bergeron wins face-off versus Mark Scheifele in TORONTO zone.
3:17 of 2nd period - Off-side.
3:18 of 2nd period - Joe Pavelski wins face-off versus Nicklas Backstrom in neutral zone.
3:33 of 2nd period - Ian Cole is hit by Dominik Kubalik and loses puck.
3:49 of 2nd period - Nicklas Backstrom is hit by Jordie Benn and loses puck.
3:54 of 2nd period - Shot by Dominik Kubalik.
3:54 of 2nd period - Deflect By Alexander Radulov.
3:54 of 2nd period - Stopped by Anton Khudobin without a rebound.
3:55 of 2nd period - Brayden Point wins face-off versus Patrice Bergeron in TORONTO zone.
4:10 of 2nd period - Shot by Claude Giroux.
4:10 of 2nd period - Shot Misses the Net.
4:12 of 2nd period - Shot by Sebastian Aho.
4:12 of 2nd period - Shot Misses the Net.
4:17 of 2nd period - Minor Penalty to Claude Giroux for Interference.
4:18 of 2nd period - Matt Martin wins face-off versus Nick Suzuki in CAROLINA zone.
4:46 of 2nd period - Shot by Jeff Skinner.
4:46 of 2nd period - Stopped by Sergei Bobrovsky without a rebound.
4:47 of 2nd period - Joe Pavelski wins face-off versus Matt Martin in CAROLINA zone.
4:54 of 2nd period - Shot by Kevin Shattenkirk.
4:54 of 2nd period - Shot Misses the Net.
5:14 of 2nd period - Shot by Ondrej Palat.
5:14 of 2nd period - Shot Blocked by Deryk Engelland.
5:16 of 2nd period - Shot by Kevin Shattenkirk.
5:16 of 2nd period - Shot Blocked by Patrice Bergeron.
5:18 of 2nd period - Shot by Joe Pavelski.
5:18 of 2nd period - Shot Misses the Net.
5:20 of 2nd period - Shot by Joe Pavelski.
5:20 of 2nd period - Shot Blocked by Deryk Engelland.
5:22 of 2nd period - Shot by Kevin Shattenkirk.
5:22 of 2nd period - Shot Blocked by Deryk Engelland.
5:43 of 2nd period - Shot by Josh Morrissey.
5:43 of 2nd period - Stopped by Sergei Bobrovsky with a rebound.
6:03 of 2nd period - Shot by Matt Niskanen.
6:03 of 2nd period - Shot Misses the Net.
6:05 of 2nd period - Shot by Jeff Skinner.
6:05 of 2nd period - Stopped by Sergei Bobrovsky without a rebound.
6:06 of 2nd period - Nicklas Backstrom wins face-off versus Joe Pavelski in CAROLINA zone.
6:40 of 2nd period - Shot by Joel L'Esperance.
6:40 of 2nd period - Stopped by Anton Khudobin without a rebound.
6:41 of 2nd period - Nicklas Backstrom wins face-off versus Nick Suzuki in TORONTO zone.
6:41 of 2nd period - Dominik Kubalik is hit by Matt Niskanen.
6:45 of 2nd period - Shot by Alexander Radulov.
6:45 of 2nd period - Stopped by Anton Khudobin without a rebound.
6:46 of 2nd period - Nicklas Backstrom wins face-off versus Nick Suzuki in TORONTO zone.
7:01 of 2nd period - Shot by Nick Suzuki.
7:01 of 2nd period - Shot Misses the Net.
7:04 of 2nd period - Icing by Brent Burns.
7:05 of 2nd period - Mark Scheifele wins face-off versus Nicklas Backstrom in CAROLINA zone.
7:32 of 2nd period - Shot by Mark Scheifele.
7:32 of 2nd period - Stopped by Sergei Bobrovsky with a rebound.
7:34 of 2nd period - Shot by Brayden Point.
7:34 of 2nd period - Shot Blocked by Brent Burns.
7:38 of 2nd period - Shot by Brayden Point.
7:38 of 2nd period - Shot Misses the Net.
7:40 of 2nd period - Shot by Mark Scheifele.
7:40 of 2nd period - Shot Misses the Net.
8:02 of 2nd period - Icing by Brent Burns.
8:03 of 2nd period - Nicklas Backstrom wins face-off versus Joe Pavelski in CAROLINA zone.
8:03 of 2nd period - Brent Burns is hit by Joe Pavelski and loses puck.
8:31 of 2nd period - Shot by Matt Niskanen.
8:31 of 2nd period - Stopped by Sergei Bobrovsky with a rebound.
8:33 of 2nd period - Shot by Josh Morrissey.
8:33 of 2nd period - Stopped by Sergei Bobrovsky without a rebound.
8:34 of 2nd period - Adam Henrique wins face-off versus Curtis Lazar in CAROLINA zone.
9:35 of 2nd period - Matt Benning is hit by Justin Williams.
9:41 of 2nd period - Shot by Claude Giroux.
9:41 of 2nd period - Goal by Claude Giroux - CAROLINA : 2 - TORONTO : 1.
9:42 of 2nd period - Sam Lafferty wins face-off versus Mark Scheifele in neutral zone.
9:45 of 2nd period - Shot by Claude Giroux.
9:45 of 2nd period - Shot Misses the Net.
9:54 of 2nd period - Claude Giroux is hit by Matt Niskanen and loses puck.
10:45 of 2nd period - Shot by Brady Tkachuk.
10:45 of 2nd period - Shot Misses the Net.
10:47 of 2nd period - Shot by Joe Pavelski.
10:47 of 2nd period - Shot Blocked by Brent Burns.
10:49 of 2nd period - Shot by Brady Tkachuk.
10:49 of 2nd period - Stopped by Sergei Bobrovsky without a rebound.
10:50 of 2nd period - Curtis Lazar wins face-off versus Nicklas Backstrom in CAROLINA zone.
11:01 of 2nd period - Shot by Alexander Radulov.
11:01 of 2nd period - Stopped by Anton Khudobin with a rebound.
11:03 of 2nd period - Shot by Alexander Radulov.
11:03 of 2nd period - Deflect By Nicklas Backstrom.
11:03 of 2nd period - Shot Misses the Net.
11:05 of 2nd period - Shot by Nicklas Backstrom.
11:05 of 2nd period - Shot Misses the Net.
11:19 of 2nd period - Shot by Jordan Martinook.
11:19 of 2nd period - Shot Misses the Net.
12:03 of 2nd period - Shot by Joe Pavelski.
12:03 of 2nd period - Shot Misses the Net.
12:05 of 2nd period - Shot by Jeff Skinner.
12:05 of 2nd period - Shot Misses the Net.
12:07 of 2nd period - Shot by Kevin Shattenkirk.
12:07 of 2nd period - Stopped by Sergei Bobrovsky without a rebound.
12:08 of 2nd period - Patrice Bergeron wins face-off versus Mark Scheifele in CAROLINA zone.
12:21 of 2nd period - Shot by Brayden Point.
12:21 of 2nd period - Stopped by Sergei Bobrovsky without a rebound.
12:22 of 2nd period - Nick Suzuki wins face-off versus Nicklas Backstrom in CAROLINA zone.
12:41 of 2nd period - Shot by Nick Suzuki.
12:41 of 2nd period - Stopped by Sergei Bobrovsky without a rebound.
12:42 of 2nd period - Mark Scheifele wins face-off versus David Kampf in CAROLINA zone.
14:44 of 2nd period - Shot by Vladimir Tarasenko.
14:44 of 2nd period - Stopped by Anton Khudobin with a rebound.
15:19 of 2nd period - Icing by Claude Giroux.
15:20 of 2nd period - Mark Scheifele wins face-off versus Patrice Bergeron in CAROLINA zone.
15:49 of 2nd period - Shot by Brayden Point.
15:49 of 2nd period - Shot Misses the Net.
15:57 of 2nd period - Shot by Dominik Kubalik.
15:57 of 2nd period - Stopped by Anton Khudobin without a rebound.
15:58 of 2nd period - Dominik Kubalik wins face-off versus Nick Suzuki in TORONTO zone.
15:59 of 2nd period - Shot by Nicklas Backstrom.
15:59 of 2nd period - Shot Misses the Net.
16:11 of 2nd period - Icing by Deryk Engelland.
16:12 of 2nd period - Nicklas Backstrom wins face-off versus Joe Pavelski in CAROLINA zone.
16:12 of 2nd period - Nicklas Backstrom is hit by Brady Tkachuk.
16:28 of 2nd period - Shot by Dominik Kubalik.
16:28 of 2nd period - Stopped by Anton Khudobin without a rebound.
16:29 of 2nd period - Sam Lafferty wins face-off versus Ondrej Palat in TORONTO zone.
16:55 of 2nd period - Brent Burns is hit by Ondrej Palat and loses puck.
17:12 of 2nd period - Off-side.
17:13 of 2nd period - Nicklas Backstrom wins face-off versus Joe Pavelski in neutral zone.
17:29 of 2nd period - Shot by Brady Tkachuk.
17:29 of 2nd period - Shot Blocked by Deryk Engelland.
17:41 of 2nd period - Shot by Joe Pavelski.
17:41 of 2nd period - Shot Misses the Net.
17:43 of 2nd period - Shot by Joe Pavelski.
17:43 of 2nd period - Shot Misses the Net.
17:45 of 2nd period - Shot by Joe Pavelski.
17:45 of 2nd period - Shot Blocked by Deryk Engelland.
18:12 of 2nd period - Ryan Reaves is hit by Deryk Engelland and loses puck.
18:44 of 2nd period - Icing by Nicklas Backstrom.
18:45 of 2nd period - Mark Scheifele wins face-off versus Nicklas Backstrom in CAROLINA zone.
19:08 of 2nd period - Shot by Ondrej Palat.
19:08 of 2nd period - Stopped by Sergei Bobrovsky without a rebound.
19:09 of 2nd period - Patrice Bergeron wins face-off versus Joe Pavelski in CAROLINA zone.
19:24 of 2nd period - Shot by Claude Giroux.
19:24 of 2nd period - Deflect By Vladimir Tarasenko.
19:24 of 2nd period - Shot Blocked by Brady Tkachuk.
19:30 of 2nd period - Shot by Jeff Skinner.
19:30 of 2nd period - Shot Misses the Net.
Goals for this period are 2 for CAROLINA vs 0 for TORONTO.
Shots for this period are 12 for CAROLINA vs 12 for TORONTO.

3rd period


0:01 of 3rd period - Vladimir Tarasenko wins face-off versus Mark Scheifele in neutral zone.
0:11 of 3rd period - Shot by Claude Giroux.
0:11 of 3rd period - Stopped by Anton Khudobin with a rebound.
0:25 of 3rd period - Shot by Claude Giroux.
0:25 of 3rd period - Shot Misses the Net.
0:33 of 3rd period - Shot by Matt Benning.
0:33 of 3rd period - Shot Misses the Net.
0:42 of 3rd period - Ondrej Palat is hit by Matt Benning and loses puck.
0:43 of 3rd period - Minor Penalty to Matt Benning for Slashing.
0:44 of 3rd period - Nick Suzuki wins face-off versus Claude Giroux in CAROLINA zone.
0:58 of 3rd period - Shot by Mark Scheifele.
0:58 of 3rd period - Shot Blocked by Duncan Keith.
1:00 of 3rd period - Shot by Brady Tkachuk.
1:00 of 3rd period - Shot Blocked by Duncan Keith.
1:02 of 3rd period - Shot by Jeff Skinner.
1:02 of 3rd period - Shot Blocked by Brent Burns.
1:04 of 3rd period - Shot by Brady Tkachuk.
1:04 of 3rd period - Shot Misses the Net.
1:19 of 3rd period - Icing by Nick Suzuki.
1:20 of 3rd period - Nicklas Backstrom wins face-off versus Nick Suzuki in TORONTO zone.
2:01 of 3rd period - Shot by Josh Morrissey.
2:01 of 3rd period - Shot Misses the Net.
2:03 of 3rd period - Shot by Joe Pavelski.
2:03 of 3rd period - Shot Misses the Net.
2:05 of 3rd period - Shot by Joe Pavelski.
2:05 of 3rd period - Shot Misses the Net.
2:07 of 3rd period - Shot by Matt Niskanen.
2:07 of 3rd period - Shot Blocked by Deryk Engelland.
2:13 of 3rd period - Shot by Brayden Point.
2:13 of 3rd period - Stopped by Sergei Bobrovsky with a rebound.
2:15 of 3rd period - Shot by Brayden Point.
2:15 of 3rd period - Shot Blocked by Sebastian Aho.
2:17 of 3rd period - Shot by Ondrej Palat.
2:17 of 3rd period - Shot Misses the Net.
2:33 of 3rd period - Shot by Kevin Shattenkirk.
2:33 of 3rd period - Stopped by Sergei Bobrovsky without a rebound.
2:34 of 3rd period - Nicklas Backstrom wins face-off versus Nick Suzuki in CAROLINA zone.
3:12 of 3rd period - Icing by Matt Benning.
3:13 of 3rd period - David Kampf wins face-off versus Nick Suzuki in CAROLINA zone.
4:09 of 3rd period - Ondrej Palat is hit by Duncan Keith and loses puck.
4:26 of 3rd period - Shot by Mark Scheifele.
4:26 of 3rd period - Stopped by Sergei Bobrovsky without a rebound.
4:27 of 3rd period - Joe Pavelski wins face-off versus Sam Lafferty in CAROLINA zone.
4:34 of 3rd period - Shot by Joe Pavelski.
4:34 of 3rd period - Stopped by Sergei Bobrovsky without a rebound.
4:35 of 3rd period - Patrice Bergeron wins face-off versus Joe Pavelski in CAROLINA zone.
4:43 of 3rd period - Icing by Brady Tkachuk.
4:44 of 3rd period - Joe Pavelski wins face-off versus Patrice Bergeron in TORONTO zone.
4:54 of 3rd period - Icing by Claude Giroux.
4:55 of 3rd period - Mark Scheifele wins face-off versus Patrice Bergeron in CAROLINA zone.
4:58 of 3rd period - Shot by Brayden Point.
4:58 of 3rd period - Stopped by Sergei Bobrovsky without a rebound.
4:59 of 3rd period - Mark Scheifele wins face-off versus David Kampf in CAROLINA zone.
5:06 of 3rd period - Shot by Ondrej Palat.
5:06 of 3rd period - Shot Misses the Net.
5:18 of 3rd period - Shot by Mark Scheifele.
5:18 of 3rd period - Stopped by Sergei Bobrovsky without a rebound.
5:19 of 3rd period - Patrice Bergeron wins face-off versus Jeff Skinner in CAROLINA zone.
5:37 of 3rd period - Icing by Patrice Bergeron.
5:38 of 3rd period - Ondrej Palat wins face-off versus Patrice Bergeron in CAROLINA zone.
5:39 of 3rd period - Shot by Josh Morrissey.
5:39 of 3rd period - Shot Misses the Net.
5:41 of 3rd period - Shot by Ondrej Palat.
5:41 of 3rd period - Shot Blocked by Vladimir Tarasenko.
6:03 of 3rd period - Shot by Ondrej Palat.
6:03 of 3rd period - Stopped by Sergei Bobrovsky without a rebound.
6:04 of 3rd period - Joe Pavelski wins face-off versus Nicklas Backstrom in CAROLINA zone.
6:15 of 3rd period - Nicklas Backstrom is hit by Ethan Bear and loses puck.
7:28 of 3rd period - Shot by Adam Henrique.
7:28 of 3rd period - Shot Blocked by Matt Niskanen.
7:35 of 3rd period - Adam Henrique is hit by Josh Morrissey and loses puck.
9:15 of 3rd period - Shot by Jeff Skinner.
9:15 of 3rd period - Deflect By Joe Pavelski.
9:15 of 3rd period - Stopped by Sergei Bobrovsky without a rebound.
9:16 of 3rd period - David Kampf wins face-off versus Curtis Lazar in CAROLINA zone.
9:16 of 3rd period - David Kampf is hit by Ryan Reaves.
9:35 of 3rd period - Ryan Reaves is hit by Duncan Keith and loses puck.
9:41 of 3rd period - Icing by Duncan Keith.
9:42 of 3rd period - Joe Pavelski wins face-off versus David Kampf in CAROLINA zone.
9:48 of 3rd period - Icing by David Kampf.
9:49 of 3rd period - Mark Scheifele wins face-off versus David Kampf in CAROLINA zone.
10:07 of 3rd period - Shot by Adam Henrique.
10:07 of 3rd period - Shot Blocked by Ethan Bear.
10:56 of 3rd period - Shot by Josh Morrissey.
10:56 of 3rd period - Stopped by Sergei Bobrovsky with a rebound.
10:58 of 3rd period - Shot by Matt Niskanen.
10:58 of 3rd period - Shot Misses the Net.
11:11 of 3rd period - Minor Penalty to Duncan Keith for Hooking.
11:12 of 3rd period - Nick Suzuki wins face-off versus Claude Giroux in CAROLINA zone.
11:31 of 3rd period - Shot by Mark Scheifele.
11:31 of 3rd period - Stopped by Sergei Bobrovsky without a rebound.
11:32 of 3rd period - Joe Pavelski wins face-off versus Claude Giroux in CAROLINA zone.
11:33 of 3rd period - Shot by Matt Niskanen.
11:33 of 3rd period - Stopped by Sergei Bobrovsky without a rebound.
11:34 of 3rd period - Joe Pavelski wins face-off versus Claude Giroux in CAROLINA zone.
11:36 of 3rd period - Ondrej Palat is hit by Deryk Engelland.
12:04 of 3rd period - Brayden Point is hit by Deryk Engelland and loses puck.
12:12 of 3rd period - Shot by Josh Morrissey.
12:12 of 3rd period - Shot Misses the Net.
12:14 of 3rd period - Shot by Matt Niskanen.
12:14 of 3rd period - Shot Hit the Post.
12:33 of 3rd period - Nick Suzuki is hit by Brent Burns and loses puck.
12:40 of 3rd period - Shot by Nick Suzuki.
12:40 of 3rd period - Stopped by Sergei Bobrovsky with a rebound.
13:43 of 3rd period - Shot by Ryan Reaves.
13:43 of 3rd period - Shot Blocked by Alexander Radulov.
13:46 of 3rd period - Icing by Duncan Keith.
13:47 of 3rd period - Nicklas Backstrom wins face-off versus Nick Suzuki in CAROLINA zone.
14:01 of 3rd period - Icing by Kevin Shattenkirk.
14:02 of 3rd period - Nick Suzuki wins face-off versus Joel L'Esperance in TORONTO zone.
14:15 of 3rd period - Shot by Oskar Lindblom.
14:15 of 3rd period - Shot Blocked by Sebastian Aho.
14:59 of 3rd period - Shot by Adam Henrique.
14:59 of 3rd period - Deflect By David Kampf.
14:59 of 3rd period - Shot Misses the Net.
15:06 of 3rd period - Icing by Matt Niskanen.
15:07 of 3rd period - Mark Scheifele wins face-off versus Nicklas Backstrom in TORONTO zone.
15:22 of 3rd period - Shot by Nicklas Backstrom.
15:22 of 3rd period - Deflect By Dominik Kubalik.
15:22 of 3rd period - Shot Misses the Net.
15:52 of 3rd period - Shot by Joe Pavelski.
15:52 of 3rd period - Shot Misses the Net.
17:12 of 3rd period - Shot by Ethan Bear.
17:12 of 3rd period - Shot Misses the Net.
18:30 of 3rd period - Shot by Matt Niskanen.
18:30 of 3rd period - Shot Misses the Net.
18:32 of 3rd period - Shot by Mark Scheifele.
18:32 of 3rd period - Shot Blocked by Alexander Radulov.
18:38 of 3rd period - Shot by Mark Scheifele.
18:38 of 3rd period - Stopped by Sergei Bobrovsky without a rebound.
18:39 of 3rd period - David Kampf wins face-off versus Curtis Lazar in CAROLINA zone.
18:39 of 3rd period - David Kampf is hit by Ryan Reaves.
18:48 of 3rd period - Shot by Jordan Martinook.
18:48 of 3rd period - Deflect By Ryan Reaves.
18:48 of 3rd period - Shot Misses the Net.
18:50 of 3rd period - TORONTO, Anton Khudobin is pulled from the net.
18:50 of 3rd period - Shot by Ian Cole.
18:50 of 3rd period - Shot Misses the Net.
19:03 of 3rd period - Icing by Duncan Keith.
19:04 of 3rd period - Mark Scheifele wins face-off versus David Kampf in CAROLINA zone.
19:09 of 3rd period - Shot by Josh Morrissey.
19:09 of 3rd period - Stopped by Sergei Bobrovsky without a rebound.
19:10 of 3rd period - Patrice Bergeron wins face-off versus Mark Scheifele in CAROLINA zone.
19:42 of 3rd period - Icing by Brent Burns.
19:43 of 3rd period - Patrice Bergeron wins face-off versus Mark Scheifele in CAROLINA zone.
Goals for this period are 0 for CAROLINA vs 0 for TORONTO.
Shots for this period are 1 for CAROLINA vs 14 for TORONTO.